Map: Reaktor na Scorii

Players

loolnem

  • Race: Terran Terran
  • League: Gold
  • Spawn Location: 6:00

Typhoon

  • Race: Terran Terran
  • Spawn Location: 6:00

TonTon

  • Race: Terran Terran
  • Spawn Location: 5:00

hana

  • Race: Zerg Zerg
  • Spawn Location: 3:00

GaMbiT - Winner!

  • Race: Terran Terran
  • League: Silver
  • Spawn Location: 12:00

Nate - Winner!

  • Race: Zerg Zerg
  • League: Platinum
  • Spawn Location: 11:00

PainKiller - Winner!

  • Race: Protoss Protoss
  • Spawn Location: 12:00

WojcioWWW - Winner!

  • Race: Zerg Zerg
  • League: Platinum
  • Spawn Location: 9:00

VOD

Have the link to the VOD?

Description

Time

  • Played on: Jan. 11, 2016, 4:01 p.m.
  • Length: 18:17
Show
View Real Time Build Order
Export as new Build Order

loolnem Terran 

Build Orders:  

Get SALT Encoding   

  12  0:02  SCV  
  13  0:14  SCV  
  13  0:19  Supply Depot  
  14  0:26  SCV  
  15  0:41  SCV  
  16  0:44  Refinery  
  16  0:48  Refinery  
  16  0:53  SCV  
  17  1:00  Barracks  
  17  1:05  SCV  
  18  1:17  SCV  
  19  1:25  Barracks  
  19  1:32  Barracks  
  19  1:37  SCV  
  20  1:54  Barracks Reactor  
  20  1:55  Orbital Command  
  20  2:06  Supply Depot  
  20  2:12  Barracks Tech Lab  
  20  2:20  Barracks Reactor  
  20  2:22  SCV  
  21  2:41  Marauder, Marine x2  
  25  2:46  Combat Shields  
  25  2:49  SCV  
  26  2:54  Supply Depot  
  26  3:00  Engineering Bay, Marine x4  
  30  3:08  SCV  
  31  3:16  Marauder  
  33  3:20  Marine x4  
  33  3:26  SCV  
  38  3:32  Terran Infantry Weapons Level 1  
  38  3:37  Marauder  
  38  3:41  Marine x2  
  41  3:43  Marine  
  41  3:46  Marine  
  44  4:04  Missile Turret  
  44  4:11  Marine x2  
  44  4:12  Marine  
  47  4:52  Command Center  
  47  5:17  Marine  
  46  5:29  Marine  
  47  5:36  Supply Depot, Marine, Terran Infantry Armor Level 1  
  47  5:37  Marauder  
  47  5:38  Factory  
  50  5:58  Marauder  
  49  6:04  Marine  
  49  6:05  Marine x2  
  50  6:18  SCV  
  51  6:20  Marauder  
  51  6:22  Factory Reactor  
  53  6:25  Starport  
  53  6:32  Marine x2  
  53  6:33  Marine  
  56  6:41  Marauder  
  52  7:03  Marauder  
  48  7:14  Marine x3  
  48  7:15  Marine  
  43  7:23  Barracks  
  43  7:24  Marauder  
  43  7:25  Barracks  
  43  7:27  Factory Tech Lab  
  43  7:28  Barracks  
  46  7:37  Orbital Command  
  45  7:45  Marauder  
  45  7:46  Medivac x2  
  51  7:51  Marine x4  
  51  7:53  SCV  
  56  8:05  SCV, Armory  
  57  8:07  Marauder  
  60  8:12  SCV  
  60  8:13  Marine x2  
  60  8:14  Marine x2  
  60  8:16  Barracks Tech Lab  
  60  8:17  Barracks Reactor, SCV  
  60  8:18  Barracks Reactor  
  65  8:23  Stimpack  
  65  8:27  Missile Turret  
  65  8:44  SCV, Missile Turret  
  65  8:45  SCV, Missile Turret  
  65  8:46  Marine x2  
  69  8:52  Medivac  
  71  8:59  Medivac  
  73  9:11  Refinery  
  73  9:13  Refinery  
  73  9:19  Concussive Shells  
  73  9:46  Command Center  
  71  10:11  Marine x2  
  71  10:12  Marauder x2, Marine  
  78  10:40  Marine x4  
  78  10:41  SCV, Terran Infantry Weapons Level 2, Marauder  
  85  10:42  Supply Depot  
  77  11:20  Command Center  
  77  11:22  Marine x3  
  77  11:23  Marine x4  
  65  11:28  Marine  
  65  11:29  Marine x2  
  60  11:40  Marine x3  
  63  11:57  Marine x5  
  63  11:58  Marine x4  
  63  11:59  Marine  
  73  12:16  Marauder  
  73  12:17  Marauder  
  73  12:20  Medivac  
  73  12:21  Medivac  
  81  12:37  Marine x4  
  81  12:38  Marauder, Marine x2  
  81  12:39  Marauder  
  91  12:50  Medivac  
  93  12:56  Terran Infantry Armor Level 2  
  93  13:06  Marine x4  
  93  13:07  Marauder x2  
  101  13:18  Missile Turret  
  78  13:54  Marine x4  
  78  13:55  Marauder x2  
  68  14:29  Marine x3  
  68  14:30  Marauder  
  67  14:32  Siege Tank  
  70  15:06  Siege Tank  
  73  15:23  Planetary Fortress  
  73  15:24  Missile Turret  
  73  15:38  Siege Tank  
  76  15:43  SCV x3  
  79  15:55  SCV x2  
  76  16:04  Marine x2  
  76  16:05  Marine x2  
  76  16:06  Marauder x2  
  76  16:10  Siege Tank  
  87  16:11  Marine  
  87  16:12  Marine x2  
  87  16:18  SCV x3  
  93  16:32  Marine x5  
  97  16:33  Marine, Marauder x2  
  103  16:53  Marine x3  
  106  16:54  Marauder  
  106  16:55  Marauder  
  91  17:20  Marine x2  
  79  17:35  Marine x2  
  79  17:36  Marauder, Marine x3  
  88  17:37  Marauder  
Show
View Real Time Build Order
Export as new Build Order

Typhoon Terran 

Build Orders:  

Get SALT Encoding   

  12  0:04  SCV  
  13  0:16  SCV  
  13  0:18  Supply Depot  
  14  0:29  SCV  
  15  0:41  Barracks  
  15  0:43  Refinery  
  15  0:44  SCV  
  16  0:57  SCV  
  17  1:10  SCV  
  18  1:14  Barracks  
  18  1:22  SCV  
  18  1:23  Supply Depot  
  19  1:31  Marine  
  20  1:34  SCV  
  21  1:48  Factory  
  21  1:50  SCV, Refinery  
  21  1:53  Marine  
  23  2:04  Orbital Command  
  23  2:07  Barracks Reactor  
  23  2:17  Barracks Reactor  
  23  2:31  SCV  
  24  2:45  Marine x2  
  24  2:51  Starport, Factory Reactor  
  26  2:53  Marine  
  26  2:54  Marine  
  26  2:55  SCV  
  26  2:57  Supply Depot  
  29  3:07  Marine  
  29  3:08  Marine  
  29  3:12  Supply Depot  
  31  3:18  Marine x2  
  31  3:19  SCV  
  34  3:24  Supply Depot  
  34  3:26  Marine  
  34  3:27  Marine  
  36  3:35  Medivac x2  
  36  3:39  Marine  
  41  3:41  Marine  
  42  3:50  Supply Depot  
  42  3:54  Marine x2  
  44  4:01  Marine x2  
  46  4:13  Marine x2  
  48  4:17  Medivac x2  
  48  4:19  Marine  
  48  4:21  Marine  
  54  4:31  Marine  
  49  5:19  Marine x3  
  49  5:20  Marine  
  52  5:25  Medivac x2  
  56  5:37  Marine x3  
  57  5:58  Command Center  
  57  6:08  Marine x4  
  61  6:11  Medivac  
  63  6:18  Medivac  
  63  6:19  Supply Depot  
  63  6:20  Supply Depot, Engineering Bay  
  63  6:40  Marine x2  
  63  6:41  Marine  
  64  6:51  Marine  
  58  6:58  Marine x3  
  55  7:08  Marine  
  55  7:14  Orbital Command  
  47  7:20  Barracks  
  47  7:21  Barracks  
  47  7:24  Marine x3  
  47  7:26  Marine  
  47  7:27  Missile Turret  
  51  7:32  Missile Turret  
  51  7:50  Missile Turret  
  51  7:52  SCV x2  
  53  8:01  Marine x3  
  53  8:02  Marine  
  53  8:04  SCV x2  
  59  8:07  Barracks Tech Lab  
  59  8:08  Barracks Tech Lab  
  59  8:13  Terran Infantry Weapons Level 1  
  59  8:16  SCV x2  
  59  8:18  Engineering Bay  
  59  8:19  Marine  
  57  8:28  SCV x2  
  57  8:29  Combat Shields  
  57  8:30  Stimpack, Missile Turret  
  59  8:39  Marine x3  
  59  8:40  SCV x2, Marine  
  65  8:52  SCV  
  65  8:53  SCV  
  65  8:55  Marine x2  
  67  8:58  Terran Infantry Armor Level 1  
  69  9:04  Armory, SCV  
  69  9:09  SCV  
  71  9:12  Marine x4  
  71  9:14  Marine  
  71  9:17  SCV  
  77  9:21  SCV  
  77  9:28  Refinery, Marine  
  77  9:29  SCV, Marine  
  77  9:30  Refinery  
  80  9:33  SCV  
  81  9:38  Missile Turret  
  81  9:41  SCV  
  82  9:56  Marine x3  
  82  9:58  Marine  
  82  9:59  Marine x2  
  83  10:15  Command Center  
  83  10:22  Marine  
  71  10:35  Marine x3  
  71  10:36  Marine x2  
  71  10:40  Marine  
  77  10:53  Marine x2  
  79  11:04  Marine x2  
  50  11:33  Marine x4  
  50  11:34  Marine x2  
  56  11:51  Marine x3  
  59  11:55  Medivac  
  61  12:07  Orbital Command  
  61  12:14  Marine x2  
  63  12:15  Marine  
  64  12:31  Marine x3  
  64  12:32  Marine x2  
  69  12:47  Marine  
  69  12:49  Marine x3  
  69  12:50  Marine x2  
  75  13:02  Medivac x2  
  75  13:04  Marine  
  80  13:16  Marine x2  
  80  13:17  Marine x3  
  85  13:22  Marine  
  86  13:34  Marine x3  
  67  14:17  Marine x2  
  67  14:18  Marine x4  
  72  14:35  Marine x4  
  73  14:44  Marine x2  
  75  14:52  Command Center  
  75  14:53  Marine x3  
  75  14:56  Marine  
  75  14:59  Terran Infantry Weapons Level 2, Terran Infantry Armor Level 2  
  79  15:03  Medivac x2, Marauder x2  
  87  15:11  Marine x3  
  87  15:13  Marine  
  91  15:33  Medivac  
  91  15:34  Marine  
  94  15:39  Supply Depot  
  94  15:40  Supply Depot x2  
  94  15:48  Marine  
  94  15:49  Marauder, Marine x2  
  94  15:52  Marauder  
  94  15:53  Marine  
  93  16:09  Marine x3  
  93  16:10  Marine x2  
  98  16:13  Marauder  
  100  16:27  Marine x3  
  100  16:28  Marine x2  
  105  16:35  Marauder  
  107  16:46  Marauder  
  107  16:55  Marine x4  
  107  16:56  Marauder  
  113  17:07  Marine  
  102  17:11  Medivac x2  
  101  17:18  Marauder  
  103  17:26  Marauder  
  89  17:40  Marine x3  
  89  17:41  Marauder, Medivac, Marine  
Show
View Real Time Build Order
Export as new Build Order

TonTon Terran 

Build Orders: 1/1/1, Liberator Opening 

Get SALT Encoding   

  12  0:01  SCV  
  13  0:13  SCV  
  14  0:18  Supply Depot  
  14  0:25  SCV  
  15  0:35  Refinery  
  15  0:40  SCV  
  16  0:47  Barracks  
  16  0:52  SCV  
  17  1:04  SCV  
  17  1:05  Refinery  
  18  1:16  SCV  
  19  1:28  SCV  
  20  1:34  Barracks Reactor  
  20  1:42  Factory  
  20  1:45  Orbital Command  
  20  1:50  Supply Depot  
  20  2:11  SCV  
  20  2:12  Marine x2  
  23  2:23  SCV  
  23  2:26  Factory Tech Lab  
  23  2:27  Starport  
  24  2:30  Marine x2  
  24  2:35  Supply Depot, SCV  
  27  2:46  Siege Tank  
  27  2:49  Liberator  
  27  2:50  Marine  
  31  2:56  Marine  
  32  3:06  Supply Depot  
  32  3:09  SCV  
  36  3:16  Marine  
  36  3:18  Marine  
  38  3:27  Siege Tank  
  38  3:28  Supply Depot  
  38  3:32  Liberator  
  38  3:33  Marine  
  42  3:35  Marine  
  43  3:45  SCV  
  44  3:51  Marine  
  44  3:53  Marine  
  49  3:58  SCV  
  50  4:09  Marine  
  51  4:11  Marine  
  51  4:12  Siege Tank  
  55  4:36  Supply Depot  
  55  4:38  Command Center  
  55  4:41  Liberator  
  55  4:58  SCV, Marine x2  
  57  5:22  Marine x2  
  57  5:25  Siege Tank  
  57  5:28  SCV  
  63  5:33  Command Center  
  63  5:35  Supply Depot  
  63  5:36  Supply Depot  
  63  5:49  SCV, Marine  
  65  6:08  Siege Tank  
  60  6:27  Marine x2  
  62  6:33  Barracks  
  62  6:34  Barracks  
  62  6:35  Barracks  
  62  6:37  Orbital Command  
  62  6:45  Marine  
  48  7:09  Starport Tech Lab  
  48  7:11  Starport Reactor  
  48  7:13  Siege Tank  
  45  7:16  SCV  
  45  7:17  Engineering Bay  
  46  7:22  Marine  
  46  7:23  Barracks Tech Lab, Marine  
  46  7:24  Barracks Reactor x2  
  46  7:28  SCV  
  46  7:35  SCV  
  47  7:40  SCV, Marine  
  47  7:41  Marine  
  50  7:44  Stimpack  
  50  7:46  Marauder  
  50  7:47  SCV, Siege Tank  
  50  7:48  Medivac  
  50  7:50  Medivac  
  60  7:53  SCV  
  61  7:59  Marine x2  
  61  8:00  SCV  
  64  8:08  SCV x2  
  66  8:15  SCV  
  67  8:20  SCV  
  67  8:24  Medivac  
  70  8:27  SCV  
  70  8:30  SCV, Refinery x2  
  70  8:32  SCV  
  73  8:39  SCV, Missile Turret  
  73  8:40  Missile Turret  
  74  8:41  Missile Turret  
  74  8:44  Missile Turret x2  
  74  8:48  Marine x2  
  74  8:49  Marine  
  74  8:54  Terran Infantry Weapons Level 1  
  77  8:55  SCV  
  77  8:56  SCV  
  77  9:01  Marine x2  
  77  9:02  Marine x2  
  84  9:04  Medivac  
  84  9:07  Medivac, Marine  
  84  9:08  SCV  
  89  9:20  Refinery  
  89  9:22  Refinery, Marine x3  
  89  9:23  Marine x3  
  95  9:28  Planetary Fortress  
  95  9:43  Supply Depot x2  
  95  9:44  Marine x4  
  95  9:45  Marauder, Marine x2  
  103  9:55  Siege Tank  
  106  10:01  Marine  
  106  10:02  Marine x2  
  106  10:04  Marine x2  
  106  10:06  Marauder  
  113  10:11  Marine  
  114  10:14  Combat Shields  
  114  10:19  Marine  
  114  10:20  Marine x2  
  117  10:22  Marine x2  
  117  10:28  Marauder  
  121  10:29  Marine  
  120  10:38  Medivac x2  
  120  10:39  Marine  
  125  10:48  SCV  
  125  10:49  SCV  
  125  10:51  SCV, Marine  
  125  10:56  Refinery  
  125  11:05  Supply Depot  
  125  11:07  Supply Depot  
  125  11:08  Supply Depot, SCV  
  125  11:09  Supply Depot  
  125  11:13  Marine  
  125  11:14  SCV x2, Marine x2  
  125  11:15  Marine x3  
  125  11:17  Siege Tank, Marauder  
  118  11:20  SCV  
  106  11:31  Marine  
  106  11:32  Terran Infantry Armor Level 1, Marine x4  
  102  11:33  Marine  
  102  11:36  Armory  
  102  11:37  Engineering Bay  
  102  11:38  Marauder  
  108  11:46  Missile Turret  
  108  11:49  Medivac x2, Marine x2  
  108  11:50  Marine x3  
  108  11:51  Marine  
  118  11:57  Concussive Shells  
  118  11:59  Marauder  
  118  12:00  Siege Tank  
  123  12:06  Marine  
  123  12:07  Marine  
  123  12:08  Marine x4  
  129  12:21  Marauder  
  120  12:24  Marine  
  120  12:25  Marine  
  120  12:26  Marine x3  
  120  12:29  Marine  
  114  12:36  Siege Tank  
  117  12:37  Terran Infantry Weapons Level 2  
  117  12:42  Marauder, Marine, Liberator  
  117  12:43  Marine  
  117  12:44  Marine x3  
  124  12:54  Marine  
  125  13:00  Marine  
  125  13:01  Marine  
  125  13:04  Marauder  
  132  13:11  Marine x3  
  103  13:15  Marine  
  103  13:18  Marine  
  103  13:19  Marine  
  85  13:25  Marauder  
  84  13:29  Marine x2  
  84  13:32  Marine  
  84  13:33  Marine  
  74  13:35  Marine  
  74  13:36  Marine  
  71  13:41  Siege Tank  
  71  13:46  Marauder, Marine  
  71  13:47  Marine  
  78  13:48  SCV x2  
  78  13:50  Marine  
  78  13:51  Marine  
  78  13:53  Marine  
  78  13:54  Marine  
  84  14:04  Marine x2  
  84  14:08  Marine, Marauder  
  84  14:09  Marine  
  90  14:10  Terran Infantry Armor Level 2  
  90  14:11  Marine  
  90  14:12  Marine  
  84  14:22  Marine  
  85  14:29  Marauder  
  85  14:51  Marauder  
  87  14:53  Marine x4  
  87  14:54  Marine x2  
  87  14:55  Siege Tank  
  96  15:02  Factory  
  96  15:11  Marine x2  
  96  15:12  Marauder  
  100  15:15  Viking  
  102  15:29  Siege Tank  
  102  15:33  Marauder  
  102  15:34  Marine x6  
  113  15:52  Marine x6  
  113  15:55  Marauder  
  76  16:09  Marine x2  
  76  16:10  Marine x4  
  59  16:16  Marine  
  51  16:27  Marine x3  
  51  16:28  Marine x3  
  50  16:33  Marine  
  31  16:45  Marine x4  
  22  16:54  Marine x3  
  14  17:03  Marine  
Show
View Real Time Build Order
Export as new Build Order

hana Zerg 

Build Orders: Hatch First 

Get SALT Encoding   

  12  0:02  Drone  
  13  0:14  Overlord  
  13  0:21  Drone  
  14  0:44  Hatchery  
  14  0:47  Drone  
  14  0:50  Extractor  
  14  0:53  Drone  
  14  0:57  Drone  
  14  1:01  Drone  
  16  1:09  Drone  
  17  1:20  Drone  
  18  1:27  Spawning Pool  
  17  1:39  Drone  
  18  1:54  Overlord  
  18  2:14  Queen  
  20  2:16  Queen  
  20  2:18  Drone x2  
  20  2:19  Drone  
  20  2:20  Zergling x2  
  26  2:24  Zergling x2  
  26  2:28  Metabolic Boost  
  27  2:30  Drone  
  27  2:46  Zergling x4  
  27  2:50  Zergling x4  
  30  2:54  Extractor  
  28  3:05  Drone  
  28  3:06  Drone  
  28  3:11  Drone x2  
  32  3:16  Drone  
  33  3:20  Extractor  
  31  3:28  Drone x4  
  31  3:32  Roach Warren  
  34  3:34  Drone  
  34  3:35  Overlord  
  34  3:36  Overlord  
  35  3:42  Spore Crawler  
  35  3:43  Drone  
  35  3:53  Drone  
  35  3:55  Drone  
  37  4:01  Drone x2  
  39  4:13  Roach x6  
  51  4:23  Zergling x2  
  52  4:27  Overlord  
  52  4:30  Lair  
  52  4:33  Overlord  
  52  4:50  Roach  
  52  4:51  Roach x3  
  52  4:52  Overlord x2  
  60  5:02  Roach  
  60  5:03  Roach x3  
  65  5:17  Roach x2  
  67  5:23  Roach x5  
  67  5:27  Ravager  
  78  5:29  Ravager  
  78  5:30  Ravager  
  81  5:35  Zergling x4  
  82  5:46  Evolution Chamber  
  79  6:07  Roach  
  79  6:08  Roach  
  79  6:10  Overlord x3  
  65  6:43  Roach x7  
  65  6:44  Roach x4  
  62  7:29  Glial Reconstitution  
  60  7:31  Zerg Missile Weapons Level 1, Drone, Hydralisk Den  
  60  7:32  Drone  
  60  7:33  Drone  
  62  7:41  Roach x3  
  68  7:50  Spore Crawler  
  67  7:53  Extractor  
  66  7:58  Evolution Chamber  
  66  8:05  Infestation Pit  
  64  8:06  Hydralisk x3  
  64  8:07  Hydralisk x4  
  64  8:11  Hydralisk  
  64  8:12  Hydralisk x2  
  84  8:28  Hydralisk  
  84  8:29  Hydralisk x2  
  90  8:35  Drone  
  90  8:36  Drone  
  90  8:40  Spore Crawler  
  91  8:47  Hatchery  
  90  8:48  Extractor  
  90  8:50  Drone  
  90  8:51  Drone x5  
  95  8:59  Muscular Augments  
  95  9:01  Hydralisk x2  
  95  9:02  Hydralisk  
  101  9:13  Pathogen Glands  
  101  9:20  Spore Crawler  
  101  9:23  Spore Crawler  
  99  9:37  Drone x3  
  99  9:38  Drone  
  52  9:56  Hydralisk  
  52  9:57  Hydralisk x5  
  54  10:17  Hydralisk  
  54  10:18  Hydralisk x2  
  58  10:38  Hatchery  
  57  10:43  Extractor  
  57  10:44  Extractor  
  55  10:51  Hydralisk  
  57  11:01  Drone x4  
  61  11:05  Drone  
  61  11:08  Drone  
  63  11:22  Zerg Ground Armor Level 1  
  63  11:35  Hydralisk x2  
  67  11:55  Roach  
  67  11:56  Roach x4  
  77  12:01  Drone  
  78  12:16  Hydralisk  
  78  12:17  Hydralisk x3  
  86  12:27  Roach  
  86  12:28  Roach x2  
  92  12:50  Ravager  
  92  12:51  Ravager x5  
  98  12:53  Roach  
  98  12:54  Roach x3  
  98  12:58  Drone  
  107  12:59  Drone  
  85  13:32  Roach  
  85  13:33  Roach x6  
  81  13:54  Hydralisk  
  81  13:55  Hydralisk x4  
  91  14:16  Roach  
  83  14:17  Roach x4  
  91  14:30  Hydralisk x2  
  73  14:56  Infestor  
  73  14:57  Infestor x5  
  85  15:08  Hive  
  85  15:12  Ravager  
  85  15:13  Ravager x3  
  85  15:14  Ravager  
  90  15:15  Ravager  
  91  15:27  Roach  
  91  15:28  Roach x3  
  96  15:49  Roach  
  100  15:50  Roach x5  
  52  16:11  Roach x3  
  52  16:12  Roach x4  
  52  16:13  Ravager  
  52  16:14  Ravager  
  52  16:30  Roach  
  52  16:31  Roach x4  
Show
View Real Time Build Order
Export as new Build Order

GaMbiT Terran - Winner!

Build Orders: Reaper Expand, Bio Tank 

Get SALT Encoding   

  12  0:01  SCV  
  13  0:14  SCV  
  14  0:21  Supply Depot  
  14  0:26  SCV  
  15  0:43  SCV  
  15  0:46  Barracks  
  15  0:48  Refinery  
  16  0:55  SCV  
  17  1:07  SCV  
  18  1:19  SCV  
  19  1:34  Orbital Command  
  19  1:35  Reaper  
  20  1:47  Command Center  
  20  1:52  Supply Depot  
  20  1:59  SCV  
  21  2:07  Barracks Reactor  
  21  2:11  SCV  
  22  2:23  SCV  
  22  2:29  Barracks  
  23  2:30  Barracks  
  23  2:46  Marine x2  
  25  2:55  SCV  
  26  3:00  Orbital Command  
  26  3:03  Refinery  
  26  3:04  Marine x2  
  28  3:08  Supply Depot  
  28  3:21  Marine  
  28  3:22  Marine  
  28  3:24  Barracks Tech Lab  
  28  3:25  Barracks Reactor  
  30  3:27  SCV  
  30  3:30  SCV  
  30  3:31  Supply Depot  
  32  3:45  Marine x2  
  32  3:46  Marine  
  32  3:47  SCV, Stimpack  
  36  3:50  SCV  
  37  3:59  SCV  
  37  4:02  SCV, Factory, Marine x2  
  41  4:11  SCV  
  41  4:14  SCV, Refinery  
  43  4:23  SCV  
  44  4:26  SCV  
  45  4:31  Marine x2  
  45  4:32  Marine x2  
  49  4:38  Marine  
  49  4:47  Factory Tech Lab, Starport  
  49  5:05  Marine x2  
  49  5:06  Marine x3  
  50  5:23  Marine x3  
  50  5:26  Marine x2  
  50  5:28  Siege Tank, Medivac  
  60  5:38  SCV  
  60  5:39  SCV  
  62  5:43  Supply Depot  
  60  5:58  Marine x5  
  61  6:05  Siege Tank, Medivac  
  59  6:17  Marine x5  
  55  6:35  Marine x5, Medivac  
  55  6:37  Siege Tank  
  65  6:52  Marine  
  65  6:53  Marine x4  
  65  7:09  Siege Tank  
  65  7:10  Marine x2  
  65  7:12  Marine  
  68  7:28  SCV  
  68  7:29  SCV  
  70  7:42  Barracks Tech Lab  
  70  7:46  Supply Depot, Starport Reactor  
  70  7:53  Marine x3  
  70  7:54  Supply Depot, SCV x2  
  75  7:59  Refinery, Siege Tank  
  78  8:06  SCV x2, Barracks  
  78  8:07  Barracks  
  81  8:16  Marine x2  
  81  8:17  Barracks Reactor  
  81  8:18  SCV x2, Combat Shields, Marine  
  85  8:30  SCV x2  
  87  8:42  SCV x2, Marine x3  
  87  8:43  Siege Tank, Medivac x2  
  87  8:48  Supply Depot  
  99  8:54  Barracks Reactor, SCV, Supply Depot  
  100  8:55  Barracks Reactor  
  100  8:56  Marine x2  
  102  9:09  Marine x3  
  105  9:11  Supply Depot, Engineering Bay  
  105  9:12  Engineering Bay  
  105  9:16  Supply Depot  
  105  9:38  Marine x3  
  105  9:39  Marine x4  
  105  9:40  Marine  
  113  9:55  Marine  
  113  9:56  Siege Tank, Marine x2  
  113  9:57  Medivac x2  
  91  10:29  Marine x3  
  91  10:30  Marine x3  
  93  10:40  Marine  
  93  10:41  Siege Tank, Marine x2  
  93  10:42  Medivac x2  
  103  10:46  Terran Infantry Weapons Level 1, Terran Infantry Armor Level 1  
  103  10:53  Supply Depot  
  103  10:54  Factory  
  103  10:56  Armory  
  102  10:59  Supply Depot  
  102  11:01  Marine x4  
  102  11:02  Marine x4  
  107  11:06  Marine  
  108  11:12  Medivac x2  
  108  11:14  Siege Tank  
  97  11:27  Marine x7  
  97  11:28  Marine  
  97  11:29  Marine  
  106  11:49  Marine x3  
  106  11:50  Marine x5  
  106  11:51  Factory Tech Lab, Siege Tank  
  117  11:55  Terran Vehicle Weapons Level 1  
  117  11:59  Marine  
  117  12:00  Medivac x2  
  122  12:07  Marine  
  123  12:09  Supply Depot  
  123  12:10  Supply Depot  
  123  12:12  Siege Tank  
  123  12:14  Marine x2  
  123  12:15  Marine  
  129  12:23  Siege Tank  
  124  12:44  Siege Tank  
  127  12:53  Marine x3  
  127  12:54  Marine x5  
  127  12:55  Medivac, Siege Tank, Marine  
  127  12:56  Medivac  
  123  13:29  Marine x3  
  123  13:31  Marine x3  
  123  13:32  Marine x2  
  123  13:33  Siege Tank  
  105  13:54  Marine x5  
  107  15:22  Marine x7  
  114  15:44  Marine x3  
  74  16:05  Marine  
  74  16:06  Marine x6  
  81  16:13  Marine  
  79  16:54  Medivac x2  
  67  17:36  Marine x2  
  67  17:37  Marine x2  
Show
View Real Time Build Order
Export as new Build Order

Nate Zerg - Winner!

Build Orders: Hatch First 

Get SALT Encoding   

  12  0:01  Drone  
  13  0:13  Overlord  
  13  0:18  Drone  
  14  0:32  Drone x2  
  16  0:36  Drone  
  17  0:59  Hatchery  
  16  1:17  Spawning Pool  
  15  1:18  Drone x2  
  15  1:19  Drone, Extractor  
  17  1:30  Drone  
  18  1:41  Drone  
  19  1:50  Overlord  
  19  2:02  Drone  
  19  2:04  Queen  
  22  2:11  Queen  
  22  2:12  Zergling x2  
  22  2:14  Zergling x2  
  26  2:22  Zergling x2  
  27  2:23  Drone  
  27  2:25  Metabolic Boost  
  28  2:33  Drone  
  28  2:34  Drone  
  30  2:44  Drone x2  
  31  2:49  Baneling Nest  
  31  2:54  Drone  
  31  2:55  Drone  
  33  3:10  Overlord, Drone  
  33  3:12  Drone  
  35  3:13  Drone  
  35  3:18  Drone, Extractor  
  36  3:20  Lair  
  36  3:28  Drone x5  
  36  3:29  Drone  
  42  3:44  Extractor  
  42  3:45  Extractor  
  40  4:09  Drone x2  
  42  4:18  Hatchery  
  42  4:20  Spire  
  42  4:21  Overlord x3  
  40  4:26  Hatchery  
  39  4:36  Zergling x10  
  44  4:41  Zergling x4  
  44  4:42  Zergling x4  
  48  4:50  Baneling x6  
  48  4:56  Zergling x2  
  48  4:57  Zergling x2  
  38  5:31  Mutalisk x7  
  52  5:35  Zergling x2  
  52  5:36  Zergling x12  
  59  5:48  Spine Crawler x2  
  48  6:04  Mutalisk  
  48  6:05  Mutalisk x2  
  48  6:10  Baneling x5  
  51  6:12  Zergling x10  
  29  7:44  Hatchery  
  28  7:49  Hatchery  
  27  8:05  Drone x3  
  30  8:09  Extractor  
  29  8:35  Extractor  
  29  8:56  Spawning Pool  
  29  8:59  Drone x4  
  32  9:03  Drone  
  33  9:11  Drone  
  34  9:22  Drone x2  
  36  9:28  Drone  
  37  9:31  Drone  
  37  9:34  Drone  
  39  9:41  Drone x2  
  39  9:43  Drone  
  42  9:56  Overlord x2  
  42  10:15  Drone x4  
  42  10:20  Lair  
  46  10:34  Drone x8  
  54  10:52  Drone x4  
  58  10:59  Hatchery  
  57  11:44  Infestation Pit  
  56  11:47  Overlord x4  
  56  11:48  Overlord x2  
  56  11:57  Hatchery  
  56  11:59  Extractor  
  54  12:06  Evolution Chamber  
  54  12:07  Evolution Chamber  
  52  12:22  Pathogen Glands  
  52  12:27  Overlord x3  
  52  12:29  Queen x3  
  58  12:33  Zerg Ground Armor Level 1, Zerg Melee Weapons Level 1  
  52  13:14  Overlord x7  
  52  13:15  Overlord x2  
  50  13:47  Infestor x4  
  50  13:48  Infestor x2  
  60  13:51  Infestor x2  
  66  13:58  Hive  
  66  14:16  Drone x12  
  76  14:33  Burrow  
  76  14:35  Zerg Ground Armor Level 2, Zerg Melee Weapons Level 2  
  75  15:24  Ultralisk Cavern  
  74  15:45  Queen  
  76  16:15  Chitinous Plating  
  76  16:17  Ultralisk x9  
  116  17:21  Ultralisk x4  
Show
View Real Time Build Order
Export as new Build Order

PainKiller Protoss - Winner!

Build Orders:  

Get SALT Encoding   

  12  0:26  Probe (Chrono Boost)  
  13  0:28  Pylon  
  13  0:36  Probe (Chrono Boost)  
  14  0:47  Probe (Chrono Boost)  
  15  0:58  Probe (Chrono Boost)  
  16  1:08  Probe (Chrono Boost)  
  16  1:11  Nexus  
  17  1:12  Pylon  
  17  1:19  Probe (Chrono Boost)  
  17  1:23  Pylon  
  18  1:29  Probe (Chrono Boost)  
  18  1:32  Assimilator  
  20  1:40  Probe (Chrono Boost)  
  20  1:50  Probe (Chrono Boost)  
  21  2:00  Gateway  
  21  2:01  Probe (Chrono Boost)  
  22  2:11  Probe (Chrono Boost)  
  23  2:19  Assimilator  
  23  2:22  Probe (Chrono Boost)  
  24  2:23  Pylon  
  24  2:24  Probe (Chrono Boost)  
  25  2:32  Probe (Chrono Boost)  
  25  2:35  Probe (Chrono Boost)  
  27  2:43  Probe (Chrono Boost)  
  28  2:45  Probe (Chrono Boost)  
  29  2:53  Probe (Chrono Boost)  
  29  2:56  Probe (Chrono Boost)  
  31  3:03  Cybernetics Core  
  31  3:04  Nexus  
  31  3:10  Forge  
  31  3:17  Gateway  
  31  3:19  Probe (Chrono Boost)  
  32  3:21  Probe (Chrono Boost)  
  33  3:27  Pylon  
  33  3:30  Probe (Chrono Boost)  
  33  3:32  Probe (Chrono Boost)  
  35  3:42  Probe x2 (Chrono Boost)  
  35  3:43  Protoss Ground Weapons Level 1  
  35  3:46  Warp Gate (Chrono Boost)  
  37  3:50  Stargate  
  37  3:54  Probe x2 (Chrono Boost)  
  39  3:56  Assimilator  
  39  4:01  Assimilator  
  39  4:05  Probe (Chrono Boost)  
  40  4:20  Probe x2 (Chrono Boost)  
  42  4:27  Photon Cannon  
  42  4:29  Photon Cannon  
  42  4:33  Void Ray (Chrono Boost)  
  42  4:36  Stalker x2  
  50  4:39  Stargate  
  50  4:45  Gateway  
  50  4:53  Gateway  
  50  5:02  Mothership Core  
  50  5:06  Pylon  
  52  5:08  Probe  
  53  5:18  Void Ray (Chrono Boost)  
  53  5:19  Probe  
  58  5:22  Probe  
  59  5:29  Probe  
  60  5:44  Void Ray  
  60  5:47  Stalker x3  
  60  5:48  Zealot  
  72  6:02  Void Ray  
  76  6:27  Void Ray  
  80  6:35  Probe  
  80  6:36  Stargate  
  81  6:40  Stalker x2  
  81  6:41  Zealot x2  
  81  6:46  Probe  
  88  6:56  Probe  
  89  7:07  Probe  
  85  7:08  Stalker x3  
  85  7:14  Pylon  
  92  7:15  Pylon  
  92  7:17  Probe  
  92  7:18  Pylon  
  92  7:21  Pylon  
  93  7:30  Probe  
  93  7:31  Void Ray (Chrono Boost)  
  93  7:32  Photon Cannon  
  93  7:33  Void Ray (Chrono Boost)  
  93  7:34  Photon Cannon  
  93  7:36  Photon Cannon  
  102  7:38  Photon Cannon  
  102  7:41  Probe, Photon Cannon  
  103  7:44  Assimilator  
  103  7:47  Void Ray (Chrono Boost)  
  103  7:49  Assimilator  
  103  7:50  Zealot  
  103  7:51  Zealot x3  
  115  7:53  Probe  
  115  7:55  Photon Cannon  
  115  7:58  Photon Cannon  
  116  8:00  Twilight Council  
  116  8:05  Probe  
  116  8:10  Probe  
  116  8:11  Probe  
  116  8:12  Void Ray (Chrono Boost)  
  124  8:26  Pylon  
  124  8:27  Pylon  
  124  8:29  Pylon  
  124  8:31  Pylon  
  124  8:32  Stalker  
  124  8:34  Pylon  
  125  8:49  Stalker x3  
  125  8:54  Pylon  
  131  8:57  Pylon  
  131  8:59  Stalker  
  131  9:00  Pylon  
  133  9:03  Pylon  
  133  9:05  Pylon  
  133  9:07  Void Ray (Chrono Boost)  
  133  9:08  Void Ray (Chrono Boost)  
  137  9:10  Void Ray (Chrono Boost)  
  145  9:24  Charge (Chrono Boost)  
  145  9:29  Protoss Ground Weapons Level 2  
  143  10:03  Void Ray x2  
  139  10:09  Void Ray  
  151  10:20  Stalker x3  
  151  10:21  Stalker  
  159  10:29  Gateway  
  159  10:31  Gateway  
  159  10:33  Gateway  
  159  10:34  Gateway  
  159  10:35  Stargate  
  159  10:37  Stargate  
  159  10:53  Zealot x4  
  140  11:32  Void Ray  
  140  11:38  Void Ray  
  148  11:48  Robotics Facility  
  148  11:51  Protoss Ground Weapons Level 3, Robotics Facility  
  148  11:54  Pylon x2  
  148  11:58  Pylon  
  148  12:00  Pylon  
  148  12:02  Pylon  
  148  12:04  Pylon  
  148  12:06  Void Ray  
  148  12:09  Pylon  
  148  12:11  Pylon  
  148  12:12  Void Ray x2  
  160  12:33  Zealot x5  
  160  12:34  Zealot x3  
  176  12:40  Photon Cannon  
  176  12:43  Photon Cannon  
  176  12:45  Photon Cannon  
  176  12:48  Photon Cannon  
  176  12:58  Robotics Bay  
  176  13:19  Nexus  
  176  13:21  Pylon  
  176  13:23  Pylon  
  176  13:25  Pylon  
  176  13:28  Pylon  
  176  13:31  Pylon  
  176  13:52  Photon Cannon  
  176  13:54  Photon Cannon  
  176  13:57  Photon Cannon  
  176  13:58  Colossus x2 (Chrono Boost)  
  176  14:02  Extended Thermal Lance  
  190  14:17  Mothership Core (Chrono Boost)  
  183  14:42  Colossus x2  
  183  14:52  Protoss Ground Armor Level 1  
  195  15:08  Pylon  
  195  15:09  Sentry x2, Nexus, Pylon  
  169  16:29  Nexus  
  169  16:31  Pylon  
  167  16:33  Pylon  
  167  16:36  Pylon  
  153  17:33  Zealot  
  153  17:34  Zealot x7  
  181  17:48  Assimilator  
  181  17:49  Photon Cannon  
  181  17:51  Photon Cannon  
  181  17:53  Assimilator  
Show
View Real Time Build Order
Export as new Build Order

WojcioWWW Zerg - Winner!

Build Orders: Hatch First 

Get SALT Encoding   

  12  0:02  Drone  
  13  0:13  Overlord  
  13  0:19  Drone  
  14  0:23  Drone, Extractor  
  15  0:33  Drone  
  16  0:38  Drone  
  17  0:59  Drone  
  17  1:02  Extractor  
  18  1:19  Hatchery  
  17  1:33  Spawning Pool  
  17  1:36  Hatchery, Drone  
  16  1:40  Drone  
  16  1:44  Drone  
  18  1:51  Drone  
  19  1:59  Overlord  
  19  2:09  Drone  
  19  2:15  Extractor  
  19  2:19  Queen  
  19  2:20  Drone  
  22  2:31  Zergling x4  
  22  2:32  Queen  
  26  2:42  Drone x2  
  28  2:55  Drone x3  
  31  2:59  Drone  
  32  3:06  Queen  
  32  3:09  Drone  
  35  3:20  Zergling x4  
  35  3:24  Metabolic Boost  
  35  3:25  Drone x2  
  35  3:26  Drone  
  40  3:32  Drone x2  
  40  3:33  Overlord x2  
  42  3:42  Overlord  
  42  3:43  Roach Warren  
  42  3:47  Drone  
  42  3:48  Overlord  
  42  3:56  Drone x2  
  42  3:57  Drone x4  
  42  4:01  Overlord  
  48  4:06  Drone  
  48  4:07  Drone x2, Extractor  
  48  4:08  Drone  
  51  4:10  Drone  
  51  4:11  Drone  
  52  4:18  Zergling x8  
  52  4:20  Zergling x2  
  52  4:22  Zergling x2  
  58  4:25  Roach  
  58  4:28  Extractor  
  58  4:30  Drone, Spine Crawler  
  59  4:36  Roach x2  
  61  4:43  Overlord  
  50  4:53  Overlord x2  
  41  5:17  Extractor x2  
  39  5:23  Zergling x12  
  37  6:09  Hatchery  
  36  6:28  Spawning Pool  
  35  6:52  Extractor  
  34  6:54  Extractor  
  34  6:58  Drone  
  34  6:59  Drone x3  
  34  7:01  Drone  
  38  7:02  Hatchery  
  38  7:05  Drone  
  38  7:06  Drone  
  39  7:09  Drone  
  40  7:18  Drone x3  
  43  7:29  Drone x3  
  46  7:35  Drone  
  47  7:40  Roach Warren, Drone  
  47  7:44  Drone x2  
  47  7:48  Overlord  
  49  7:59  Drone x2  
  49  8:00  Evolution Chamber  
  49  8:01  Evolution Chamber, Drone  
  50  8:09  Lair  
  50  8:10  Queen  
  52  8:13  Drone x2  
  52  8:15  Extractor  
  52  8:16  Drone  
  52  8:17  Drone  
  52  8:18  Drone  
  56  8:20  Drone  
  56  8:22  Drone  
  56  8:25  Roach  
  60  8:27  Zerg Missile Weapons Level 1  
  60  8:33  Drone x2  
  62  8:38  Drone x3  
  62  8:40  Zerg Ground Armor Level 1  
  65  8:45  Overlord x2  
  64  8:50  Overlord x2  
  64  8:57  Drone, Spine Crawler  
  64  8:58  Drone, Spine Crawler x2  
  64  9:00  Overlord  
  63  9:03  Overlord  
  63  9:08  Glial Reconstitution  
  67  9:10  Roach x2  
  67  9:11  Roach  
  67  9:16  Roach x3  
  75  9:22  Drone  
  76  9:24  Queen  
  76  9:29  Roach  
  76  9:31  Roach  
  82  9:32  Roach  
  82  9:34  Hatchery  
  82  9:35  Roach x2  
  82  9:36  Overseer  
  87  9:40  Drone  
  87  9:42  Roach  
  87  9:43  Infestation Pit, Roach  
  91  9:47  Drone x2  
  91  9:51  Roach x2  
  91  9:52  Roach  
  99  9:54  Roach  
  99  9:55  Roach  
  103  10:03  Roach x4  
  103  10:04  Roach, Extractor  
  103  10:05  Extractor  
  103  10:06  Roach  
  113  10:13  Overlord  
  113  10:14  Overseer  
  113  10:15  Overlord x2  
  113  10:21  Pathogen Glands  
  113  10:22  Hive  
  113  10:24  Zerg Missile Weapons Level 2  
  101  10:51  Roach  
  101  10:52  Roach x12  
  101  10:55  Drone  
  101  10:56  Drone x2  
  101  10:57  Queen  
  126  11:02  Roach x2  
  133  11:04  Ravager x3  
  133  11:05  Overlord  
  133  11:11  Overlord x2  
  135  11:14  Zerg Ground Armor Level 2  
  135  11:17  Overlord x2  
  135  11:28  Roach x4  
  135  11:31  Ravager x15  
  135  11:32  Ravager  
  159  11:33  Overlord  
  159  11:34  Overlord  
  159  11:37  Infestor  
  161  11:41  Infestor  
  163  11:50  Infestor  
  163  11:53  Overlord x2  
  165  12:00  Ultralisk Cavern  
  164  12:04  Roach  
  166  12:08  Roach  
  166  12:09  Roach x3  
  166  12:10  Roach  
  166  12:11  Roach x3  
  161  12:27  Roach x2  
  161  12:28  Roach x8  
  161  12:29  Roach  
  187  12:30  Roach x3  
  187  12:32  Ravager  
  188  12:39  Ravager x2  
  188  12:41  Roach  
  192  12:50  Infestor  
  194  12:56  Zerg Melee Weapons Level 1  
  194  12:59  Zergling x2  
  194  13:00  Zergling x10  
  162  13:13  Roach x4  
  162  13:14  Roach x11  
  139  13:42  Roach x16  
  167  13:55  Roach x4  
  160  14:01  Roach x5  
  142  14:19  Roach x3  
  142  14:20  Roach x5  
  142  14:21  Roach x2  
  148  14:28  Roach  
  146  14:38  Roach x2  
  146  14:47  Ravager x5  
  146  14:48  Ravager x4  
  146  14:51  Hatchery  
  154  14:58  Extractor  
  153  15:02  Extractor  
  153  15:04  Drone x7  
  159  15:08  Infestor  
  159  15:13  Infestor  
  163  15:17  Infestor  
  163  15:20  Overseer  
  165  15:22  Overseer  
  165  15:26  Infestor  
  167  15:33  Ravager  
  167  15:34  Ravager x6  
  174  15:40  Drone x3  
  177  15:43  Infestor  
  129  16:12  Roach x10  
  149  16:20  Queen  
  149  16:24  Overlord x2  
  151  16:35  Roach x4  
  159  16:43  Roach x4  
  167  16:56  Ultralisk  
  169  17:01  Infestor  
  169  17:02  Infestor  
  173  17:19  Spore Crawler  
  173  17:20  Ultralisk, Spore Crawler  
  173  17:21  Spore Crawler, Zergling x2  
  173  17:22  Zergling x8  
  187  18:17  Hatchery  
Tags
 
Add a new tag
Caveats
  • Supply blocks, unpowered buildings, or Contaminate may cause inaccurate times.
  • Supply counts are checked every 10 seconds.